 Dungeon Crawl Stone Soup version 0.25-a0-294-gea9b1ad378 (webtiles) character file.

Game seed: 10101412882439138210, levelgen mode: classic

11573 Borgoz the Protected (level 11, -8/82 HPs)
             Began as a Gargoyle Berserker on Dec 19, 2019.
             Was a High Priest of Trog.
             Mangled by a white ugly thing (31 damage)
             ... on level 11 of the Dungeon.
             The game lasted 00:24:50 (9309 turns).

Borgoz the Protected (Gargoyle Berserker)           Turns: 9309, Time: 00:24:50

Health: -8/82      AC: 21    Str: 26    XL:     11   Next: 79%
Magic:  11/11      EV: 18    Int:  9    God:    Trog [*****.]
Gold:   305        SH:  0    Dex: 17    Spells: 10/10 levels left

rFire    + + .     SeeInvis .   t - +2 long sword "Fomaon" {flame, rElec rF++ Str+3} (curse)
rCold    . . .     Gourm    .   (no shield)
rNeg     + . .     Faith    .   w - +1 troll leather armour
rPois    ∞         Spirit   .   u - +2 helmet
rElec    +         Reflect  .   r - +2 cloak {+Inv}
rCorr    .         Harm     .   (no gloves)
MR       .....                  (no boots)
Stlth    +.........             i - amulet of Vitality {Regen+ HP+15}
HPRegen  1.03/turn              B - +5 ring of dexterity
MPRegen  0.12/turn              k - +3 ring of strength

@: no status effects
A: negative energy resistance 1, electricity resistance, unbreathing,
petrification resistance, rot immunity, AC +8
a: Berserk, Trog's Hand, Brothers in Arms, Renounce Religion, Evoke Invisibility


You were on level 11 of the Dungeon.
You worshipped Trog.
Trog was extremely pleased with you.
You were not hungry.

You visited 1 branch of the dungeon, and saw 11 of its levels.
You also visited: Sewer.

You collected 500 gold pieces.
You spent 195 gold pieces at shops.

Inventory:

Hand Weapons
 b - a +5 great sword
 t - the cursed +2 long sword "Fomaon" (weapon) {flame, rElec rF++ Str+3}
   (You bought it in a shop on level 9 of the Dungeon)

   It has been specially enchanted to burn those struck by it, causing extra
   injury to most foes and up to half again as much damage against particularly
   susceptible opponents.
   Big, fiery blades are also staple armaments of hydra-hunters.
   It affects your strength (+3).
   It greatly protects you from fire.
   It insulates you from electricity.
   It has a curse placed upon it.
Armour
 h - +0 ice dragon scales
 r - a +2 cloak of invisibility (worn)
 u - a +2 helmet (worn)
 w - a +1 troll leather armour (worn)
Jewellery
 i - the amulet of Vitality (around neck) {Regen+ HP+15}
   (You found it in a sewer)

   [amulet of regeneration]

   It affects your health (+15).
   It increases your rate of regeneration.
 k - a +3 ring of strength (right hand)
 l - an uncursed ring of protection from cold
 m - an uncursed ring of protection from magic
 p - an uncursed amulet of harm
 v - an uncursed ring of protection from magic
 y - a +3 ring of dexterity
 B - a +5 ring of dexterity (left hand)
 G - an uncursed amulet of guardian spirit
 H - an uncursed amulet of the gourmand
 I - an uncursed amulet of faith
 K - the ring "Bowuap" {rF+ rC- Dex+7}
   (You found it on level 8 of the Dungeon)

   [ring of protection from fire]

   It affects your dexterity (+7).
   It protects you from fire.
   It makes you vulnerable to cold.
Wands
 n - a wand of flame (19)
 q - a wand of disintegration (40)
 x - a wand of iceblast (21)
 A - a wand of digging (3)
 J - a wand of polymorph (10)
Scrolls
 d - 5 scrolls of teleportation
 f - a scroll of blinking
 C - a scroll of brand weapon {unknown}
 D - 2 scrolls of remove curse
 F - a scroll of fear
 M - a scroll of magic mapping
Potions
 a - a potion of magic
 e - 2 potions of agility
 g - 8 potions of curing
 j - 4 potions of heal wounds
 o - 3 potions of brilliance
 s - 2 potions of invisibility
 z - 2 potions of cancellation
 E - a potion of mutation
 L - a potion of degeneration {unknown}
Comestibles
 c - 20 rations
 N - 5 chunks of flesh


   Skills:
 + Level 7.5 Fighting
 * Level 10.0 Long Blades
 + Level 10.9 Armour
 + Level 8.5 Dodging


You had 10 spell levels left.
You didn't know any spells.
Your spell library was empty.

Dungeon Overview and Level Annotations

Branches:
Dungeon (11/15)            Temple (0/1) D:5            Lair (0/6) D:10
  Sewer (visited)
    Orc: D:9-12

Altars:
Fedhas
Okawaru
Vehumet
The Shining One

Shops:
D:5 %   D:9 (*   D:10 ?


Innate Abilities, Weirdness & Mutations

You are resistant to torment.
Your stone body is resilient. (AC +8)
You are immune to poison.
You resist negative energy. (rN+)
You are resistant to electric shocks. (rElec)
You can survive without breathing.
You are immune to petrification.
You are immune to rotting.


Message History

You hit the white ugly thing. You burn the white ugly thing.
The white ugly thing is moderately wounded.
The white ugly thing trunk-slaps you but does no damage.
You slash the white ugly thing! You burn the white ugly thing.
The white ugly thing is heavily wounded.
The white ugly thing misses you.
You hit the white ugly thing. You burn the white ugly thing.
The white ugly thing is severely wounded.
The white ugly thing trunk-slaps you but does no damage.
You hit the white ugly thing. You burn the white ugly thing.
The white ugly thing is severely wounded.
The white ugly thing trunk-slaps you. The white ugly thing freezes you!
You are too injured to fight recklessly!
You are too injured to fight recklessly!
You barely miss the white ugly thing.
The white ugly thing is severely wounded.
The white ugly thing trunk-slaps you!
* * * LOW HITPOINT WARNING * * *
The white ugly thing freezes you!!
You die...

..# #.###
#...# #...+
#(..# #...#
#...#
########.<.#
......u@...#
#..........#
############


You could see a white ugly thing.

Vanquished Creatures
  Fannar (D:10)
  Harold (D:9)
  Erica (D:10)
  A two-headed ogre (D:10)
  Pikel (D:8)
  A cyclops (D:10)
  Joseph (D:8)
  Maurice (D:8)
  4 trolls
  A hornet (D:9)
  Grinder (D:4)
  3 hippogriffs
  The ghost of Borgoz the Covered, an amateur GrBe of Trog (D:3)
  Sigmund (D:3)
  2 wyverns (D:9)
  A spriggan (D:8)
  The ghost of viperstalker the Skirmisher, an amateur CeFi (D:4)
  Menkaure (D:4)
  A water moccasin (D:9)
  Duvessa (D:4)
  2 black bears
  A sky beast (D:4)
  4 slaves (D:8)
  A phantom (D:9)
  4 orc warriors
  2 ice beasts
  2 eyes of draining
  6 ogres
  A centaur (D:5)
  A big kobold (D:3)
  5 bullfrogs
  Dowan (D:4)
  A water moccasin zombie (D:9)
  A wyvern skeleton (D:3)
  4 scorpions
  5 killer bees (D:10)
  3 wights (D:6)
  4 crimson imps
  4 quasits
  A centaur zombie (D:8)
  2 hounds
  2 jellies
  Crazy Yiuf (D:6)
  2 orc priests
  A bullfrog skeleton (D:3)
  2 centaur skeletons
  8 orc wizards
  Natasha (thrice) (D:2)
  6 iguanas
  8 worker ants
  3 hound skeletons
  A hound zombie (D:8)
  A howler monkey zombie (D:10)
  2 worker ant zombies
  Robin (D:2)
  4 gnolls (D:3)
  10 adders
  2 shadow imps (D:8)
  2 oozes
  2 adder skeletons
  2 worms (D:3)
  2 dart slugs
  15 leopard geckos
  31 orcs
  5 bats
  8 giant cockroaches
  14 goblins
  9 hobgoblins
  4 jackals (D:4)
  14 kobolds
  4 quokkas
  4 ball pythons
  5 frilled lizards
  A leopard gecko skeleton (D:4)
  8 rats
268 creatures vanquished.

Notes
Turn   | Place    | Note
-------+----------+-------------------------------------------
     0 | D:1      | Borgoz the Gargoyle Berserker began the quest for the Orb.
     0 | D:1      | Reached XP level 1. HP: 14/14 MP: 1/1
   340 | D:1      | Reached XP level 2. HP: 17/19 MP: 2/2
  1176 | D:2      | Noticed Natasha
  1180 | D:2      | Noticed a crimson imp
  1182 | D:2      | Noticed a crimson imp
  1184 | D:2      | Killed Natasha
  1184 | D:2      | Reached XP level 3. HP: 18/23 MP: 3/3
  1311 | D:2      | Reached ** piety under Trog
  1336 | D:2      | Noticed Natasha
  1345 | D:2      | Killed Natasha
  1345 | D:2      | Reached XP level 4. HP: 19/28 MP: 4/4
  1496 | D:2      | Noticed Natasha
  1517 | D:2      | Killed Natasha
  1563 | D:2      | Reached XP level 5. HP: 29/32 MP: 5/5
  1906 | D:2      | Noticed Robin
  1915 | D:2      | Killed Robin
  2254 | D:3      | Noticed a big kobold
  2270 | D:3      | Killed a big kobold
  2270 | D:3      | Reached *** piety under Trog
  2270 | D:3      | Reached XP level 6. HP: 37/37 MP: 6/6
  2478 | D:3      | Noticed Sigmund
  2486 | D:3      | Killed Sigmund
  2486 | D:3      | Reached XP level 7. HP: 41/41 MP: 7/7
  2769 | D:3      | Found a runed translucent door.
  2771 | D:3      | Noticed Borgoz's ghost (amateur GrBe)
  2795 | D:3      | Found a runed translucent door.
  2821 | D:3      | Reached skill level 5 in Armour
  3061 | D:4      | Found a glowing drain.
  3075 | Sewer    | Entered a sewer
  3101 | Sewer    | Reached skill level 5 in Long Blades
  3103 | Sewer    | Reached **** piety under Trog
  3233 | Sewer    | Found the amulet of Vitality {Regen+ HP+15}
  4053 | D:4      | Noticed Menkaure
  4066 | D:4      | Killed Menkaure
  4066 | D:4      | Reached XP level 8. HP: 30/46 MP: 8/8
  4269 | D:4      | Found a transporter.
  4275 | D:4      | Noticed viperstalker's ghost (amateur CeFi)
  4289 | D:4      | Noticed Dowan
  4291 | D:4      | Noticed Duvessa
  4309 | D:4      | Killed Duvessa
  4309 | D:4      | Killed Dowan
  4348 | D:4      | Noticed Grinder
  4365 | D:4      | Killed Grinder
  4365 | D:4      | Reached skill level 5 in Dodging
  4458 | D:4      | Found a transporter.
  4767 | D:4      | Killed viperstalker's ghost
  4963 | D:3      | Killed Borgoz's ghost
  4963 | D:3      | Reached XP level 9. HP: 45/51 MP: 9/9
  5009 | D:5      | Entered Level 5 of the Dungeon
  5048 | D:5      | You fall into a shaft and drop 3 floors!
  5089 | D:8      | Noticed Joseph
  5161 | D:8      | Killed Joseph
  5241 | D:8      | Noticed Pikel
  5286 | D:8      | Killed Pikel
  5343 | D:6      | Found an iron altar of Okawaru.
  5623 | D:5      | Found a staircase to the Ecumenical Temple.
  5672 | D:5      | Reached XP level 10. HP: 56/56 MP: 10/10
  5875 | D:5      | Found Ritsik's Food Shop.
  6934 | D:6      | Found a runed translucent door.
  6935 | D:6      | Noticed Crazy Yiuf
  6977 | D:6      | Killed Crazy Yiuf
  7332 | D:7      | You fall into a shaft and drop 3 floors!
  7332 | D:10     | Entered Level 10 of the Dungeon
  7333 | D:10     | Noticed a cyclops
  7351 | D:10     | Killed a cyclops
  7379 | D:10     | Reached skill level 5 in Fighting
  7416 | D:9      | Noticed Harold
  7427 | D:9      | Killed Harold
  7549 | D:9      | Found Doevagg's Elemental Accessories.
  7555 | D:9      | Reached skill level 10 in Armour
  7595 | D:9      | Reached ***** piety under Trog
  7595 | D:9      | Received a gift from Trog
  7595 | D:9      | Reached XP level 11. HP: 64/64 MP: 11/11
  7643 | D:9      | Found Ylihi's Antique Weapon Emporium.
  7646 | D:9      | Bought a translucent long sword for 195 gold pieces
  7646 | D:9      | Identified the cursed +2 long sword "Fomaon" {flame, rElec
                  | rF++ Str+3} (You bought it in a shop on level 9 of the
                  | Dungeon)
  7714 | D:9      | Found a radiant altar of Vehumet.
  7765 | D:8      | Noticed Maurice
  7775 | D:8      | Killed Maurice
  8185 | D:8      | Found a blossoming altar of Fedhas.
  8221 | D:8      | Got a crude lead ring
  8335 | D:8      | Identified the ring "Bowuap" {rF+ rC- Dex+7} (You found it
                  | on level 8 of the Dungeon)
  8774 | D:10     | Noticed a two-headed ogre
  8781 | D:10     | Killed a two-headed ogre
  8903 | D:10     | Found Xunocin's Magic Scroll Shoppe.
  8980 | D:10     | Found a glowing golden altar of the Shining One.
  9094 | D:10     | Noticed Fannar
  9098 | D:10     | Noticed Erica
  9110 | D:10     | Killed Fannar
  9126 | D:10     | Killed Erica
  9126 | D:10     | Reached skill level 10 in Long Blades
  9234 | D:10     | Found a staircase to the Lair.
  9298 | D:11     | Noticed a white ugly thing
  9309 | D:11     | Mangled by a white ugly thing

Levels and vault maps discovered:
D:1:      dpeg_arrival_boxorama, layout_loops_cross, roderic_roman_lattice
D:2:      layout_basic, minivault_11, kennysheep_generic_room_6, uniq_robin,
          uniq_natasha
D:3:      cheibrodos_thug_alley, layout_loops_cross, ebering_ghost_sewer_f,
          bh_walls_and_bars, uniq_sigmund
D:4:      layout_loops_ring, first_ration, portal_sewer_entry_d,
          gammafunk_ghost_stat_death, item_on_display_a, uniq_duvessa,
          uniq_grinder, uniq_menkaure
D:5:      layout_layer_cave, minmay_temple_entry_mini_moons, serial_shops,
          nicolae_shop_behind_doors, hex_medium
D:6:      layout_basic, okawaru_metal_pillars_1_2, uniq_crazy_yiuf_cottage
D:7:      layout_gridville, wad_floor_pattern_2, minivault_19, minivault_1,
          minmay_misc_feat_enclosed
D:8:      layout_basic, the_bakery, fedhas_altar_2, uniq_maurice, uniq_joseph,
          uniq_pikel
D:9:      layout_rooms, lemuel_crystal_altar, serial_shops,
          nicolae_shop_behind_doors, nicolae_elemental_shop, uniq_harold
D:10:     layout_rooms, lair_entry_dummy, serial_shops, nicolae_shop_crystal,
          nicolae_tso_swordbearing_angel, uniq_erica, uniq_fannar
D:11:     layout_irregular_city, minmay_orc_entry_temple_small, serial_shops,
          nicolae_shop_crystal, shop, nicolae_shop_crystal, shop, shop,
          uniq_sonja, uniq_josephine

Skill      XL: |  1  2  3  4  5  6  7  8  9 10 11 |
---------------+----------------------------------+-----
Long Blades    | 3 4 5 6 7 8 10 | 10.0
Dodging        | 2 3 4 5 6 7 8 |  8.5
Armour         | 3 4 6 7 8 10 | 10.9
Fighting       | 6 7 |  7.5

Action                   |  1- 3 |  4- 6 |  7- 9 | 10-12 || total
-------------------------+-------+-------+-------+-------++-------
Melee: Falchion          |    99 |   158 |   503 |   334 ||  1094
       Long sword        |       |       |       |   221 ||   221
Throw: Throwing net      |       |       |     2 |       ||     2
Invok: Berserk           |       |     4 |     9 |     9 ||    22
       Trog's Hand       |       |       |     1 |     1 ||     2
Evoke: Wand              |       |       |       |     2 ||     2
  Use: Potion            |       |     2 |     2 |     2 ||     6
       Scroll            |       |       |    11 |     7 ||    18
  Eat: Chunk             |     2 |     6 |    15 |    22 ||    45
       Ration            |       |       |     2 |       ||     2
Armor: Animal skin       |    30 |    77 |   265 |   155 ||   527
       Skin              |       |       |    34 |       ||    34
       Troll leather arm |       |       |       |    77 ||    77
Dodge: Dodged            |    77 |   127 |   406 |   491 ||  1101
       Rpst.: Falchion   |    28 |    29 |   135 |    79 ||   271
       Long sword        |       |       |       |    40 ||    40

Table legend:
 A = Non-vault XP
 B = Vault XP
 C = Vault XP percentage of total XP
 D = Non-vault monster count
 E = Vault monster count
 F = Vault count percentage of total count
                 A         B        C        D         E       F
            +---------+---------+-------+---------+---------+-------
      Total |    9877 |    6657 |  40.3 |     205 |      59 |  22.3
            +---------+---------+-------+---------+---------+-------
        D:1 |      32 |       0 |   0.0 |      19 |       0 |   0.0
        D:2 |     117 |      66 |  36.1 |      17 |      10 |  37.0
        D:3 |     229 |     585 |  71.9 |      25 |      14 |  35.9
        D:4 |     291 |    1020 |  77.8 |      14 |       9 |  39.1
        D:5 |     729 |       0 |   0.0 |      22 |       0 |   0.0
        D:6 |     810 |      42 |   4.9 |      18 |       1 |   5.3
        D:7 |     993 |       0 |   0.0 |      12 |       0 |   0.0
        D:8 |     837 |    1675 |  66.7 |      17 |       4 |  19.0
        D:9 |    3077 |    1013 |  24.8 |      33 |       1 |   2.9
       D:10 |    2762 |    2019 |  42.2 |      28 |       2 |   6.7
      Sewer |       0 |     237 | 100.0 |       0 |      18 | 100.0
            +---------+---------+-------+---------+---------+-------
